Map: Persephone LE

Players

VITRyung (Ryung)

  • Race: Terran Terran
  • League: Master
  • Spawn Location: 7:00

STZsOs (sOs) - Winner!

  • Race: Protoss Protoss
  • League: Master
  • Spawn Location: 11:00

Event: HomeStory Cup XXVII

VOD

Have the link to the VOD?

Description

Time

  • Played on: June 29, 2025, 11:24 a.m.
  • Length: 10:12

All games in this series

Show
View Real Time Build Order
Export as new Build Order

VITRyung Terran 

Build Orders: 1/1/1 

Get SALT Encoding   

  12  0:00  SCV  
  13  0:12  SCV  
  14  0:17  Supply Depot  
  14  0:24  SCV  
  15  0:38  SCV  
  15  0:39  Barracks  
  16  0:43  Refinery  
  16  0:50  SCV  
  16  0:52  Refinery  
  17  1:03  SCV  
  18  1:15  SCV  
  19  1:26  Reaper  
  19  1:27  Orbital Command, Supply Depot  
  20  1:41  Factory  
  20  1:53  SCV  
  21  2:03  Barracks Reactor  
  21  2:05  SCV  
  22  2:17  SCV  
  22  2:19  Command Center  
  23  2:28  Starport  
  23  2:29  SCV  
  24  2:34  Supply Depot  
  24  2:36  Factory Tech Lab  
  24  2:42  Marine x2, SCV  
  27  2:54  SCV, Widow Mine  
  30  3:00  Marine x2  
  32  3:05  Medivac  
  32  3:06  SCV  
  35  3:18  Marine x2, SCV  
  38  3:30  SCV  
  39  3:35  Starport Tech Lab  
  39  3:39  Marine x2  
  39  3:40  Barracks, Siege Tank  
  44  3:42  SCV  
  44  3:48  Orbital Command  
  45  3:54  SCV  
  46  3:58  Raven  
  46  4:02  Supply Depot  
  48  4:06  SCV  
  48  4:09  Marine x2  
  51  4:15  SCV  
  52  4:18  SCV  
  52  4:24  Supply Depot, Siege Tank  
  56  4:27  SCV  
  56  4:29  Marine x2  
  59  4:35  Bunker  
  59  4:37  Barracks  
  59  4:40  Stimpack  
  59  4:41  SCV  
  60  4:47  Refinery  
  60  4:51  SCV  
  61  4:54  Marine, SCV  
  61  4:55  Refinery  
  61  4:57  Supply Depot  
  63  5:02  Siege Tank  
  63  5:03  SCV  
  63  5:06  SCV  
  68  5:11  Engineering Bay  
  68  5:13  Supply Depot  
  68  5:15  SCV  
  68  5:17  Starport Reactor  
  68  5:18  SCV  
  70  5:27  SCV  
  71  5:29  Marine x2  
  71  5:30  Marine, SCV  
  71  5:33  Supply Depot  
  75  5:39  SCV  
  75  5:41  Combat Shield  
  75  5:42  Factory Reactor  
  76  5:43  SCV  
  76  5:44  Terran Infantry Weapons Level 1  
  76  5:47  Marauder  
  76  5:48  Marauder  
  81  5:51  Marine  
  81  5:52  Marine  
  81  5:54  Medivac  
  85  5:58  Supply Depot  
  85  6:01  Supply Depot, Medivac  
  87  6:09  Marine x2  
  87  6:10  Marauder x2  
  93  6:20  Widow Mine x2  
  93  6:21  Supply Depot  
  93  6:23  Supply Depot  
  97  6:32  Marine  
  97  6:33  Marauder x2, Marine, Liberator  
  97  6:38  Liberator  
  109  6:45  Supply Depot  
  109  6:47  Supply Depot  
  109  6:51  Marine x2  
  109  6:54  Marine x2  
  111  6:58  Widow Mine  
  111  6:59  Widow Mine  
  117  7:09  Marine  
  118  7:17  Marauder x2  
  118  7:20  Liberator  
  118  7:21  Liberator  
  128  7:36  Marine x2  
  130  7:38  Widow Mine  
  130  7:39  Marauder x2  
  128  7:56  Marine x2  
  130  8:00  Marauder x2  
  130  8:01  Widow Mine  
  115  8:21  Marauder, Marine x2  
  114  8:46  Orbital Command  
  114  8:47  Marine  
  114  8:48  Marauder x2, Marine  
  120  8:49  Bunker  
  120  8:50  Bunker  
  114  9:25  Bunker  
  114  9:30  Orbital Command  
Show
View Real Time Build Order
Export as new Build Order

STZsOs Protoss - Winner!

Build Orders: 1 Gate Expand, Phoenix Opening, Colossus Rush 

Get SALT Encoding   

  12  0:00  Probe  
  13  0:12  Probe  
  14  0:18  Pylon  
  14  0:24  Probe  
  15  0:32  Probe  
  15  0:37  Gateway  
  15  0:40  Probe  
  16  0:45  Assimilator  
  17  0:51  Probe  
  18  1:03  Probe  
  19  1:18  Nexus  
  19  1:26  Cybernetics Core  
  19  1:29  Probe  
  20  1:34  Assimilator  
  20  1:41  Probe  
  20  1:45  Pylon  
  21  1:51  Stalker  
  21  1:53  Probe  
  22  2:04  Warp Gate  
  22  2:05  Probe  
  25  2:15  Shield Battery  
  25  2:18  Probe  
  25  2:20  Sentry  
  28  2:28  Probe  
  28  2:29  Shield Battery  
  28  2:30  Probe  
  28  2:36  Probe  
  30  2:42  Probe  
  32  2:48  Probe  
  35  2:54  Probe  
  36  3:00  Twilight Council  
  36  3:03  Probe  
  35  3:07  Gateway x2  
  35  3:08  Phoenix  
  35  3:09  Probe  
  35  3:11  Probe  
  37  3:20  Probe  
  37  3:22  Probe  
  39  3:34  Pylon, Probe  
  40  3:35  Probe  
  40  3:37  Charge  
  41  3:46  Probe, Robotics Facility  
  41  3:47  Probe  
  41  3:48  Assimilator  
  43  3:53  Stalker  
  45  3:58  Probe  
  45  3:59  Probe  
  45  4:02  Phoenix, Stalker  
  47  4:06  Pylon  
  49  4:10  Probe  
  49  4:13  Stalker  
  52  4:23  Probe  
  53  4:26  Zealot x2  
  57  4:32  Nexus  
  57  4:34  Pylon  
  57  4:36  Observer  
  58  4:42  Robotics Bay  
  58  4:44  Zealot  
  60  4:49  Probe x2  
  60  4:51  Pylon  
  62  4:55  Zealot  
  64  5:03  Probe x2  
  64  5:04  Observer  
  67  5:08  Gateway  
  67  5:09  Gateway  
  67  5:11  Pylon, Gateway  
  67  5:13  Colossus  
  67  5:17  Zealot x3  
  73  5:21  Probe  
  74  5:29  Observer  
  74  5:30  Observer  
  80  5:36  Extended Thermal Lance  
  80  5:39  Shield Battery  
  80  5:44  Probe x2  
  82  5:55  Colossus  
  82  5:56  Probe x3  
  85  6:03  Zealot x3  
  85  6:04  Zealot  
  93  6:10  Observer, Pylon  
  93  6:11  Pylon  
  99  6:15  Probe  
  99  6:16  Probe  
  101  6:20  Pylon  
  101  6:23  Pylon  
  101  6:28  Probe  
  101  6:31  Sentry  
  101  6:32  Zealot x5  
  113  6:39  Observer  
  113  6:41  Forge  
  113  6:42  Colossus  
  113  6:43  Forge  
  119  6:55  Zealot x2  
  119  6:56  Shield Battery, Zealot x2  
  127  7:09  Observer  
  127  7:11  Zealot x2  
  127  7:14  Pylon  
  131  7:15  Pylon  
  131  7:27  Gateway  
  131  7:30  Gateway  
  131  7:35  Stalker x4, Zealot x2  
  143  7:37  Protoss Ground Weapons Level 1  
  143  7:46  Colossus  
  141  7:52  Pylon  
  141  7:53  Pylon  
  141  7:57  Zealot  
  148  8:00  Shield Battery  
  139  8:21  Zealot x2  
  139  8:22  Zealot x4  
  151  8:33  Colossus  
  151  8:45  Zealot x4  
  151  8:47  Pylon  
  165  8:49  Pylon  
  165  8:50  Pylon x2  
  165  8:52  Pylon  
  165  9:01  Pylon  
  165  9:09  Shield Battery  
  165  9:11  Pylon  
  165  9:12  Zealot x5  
  165  9:13  Pylon, Zealot  
  165  9:14  Pylon  
  177  9:23  Phoenix  
  175  9:33  Stalker x7  
  159  10:01  Zealot x8  
Tags
 
Add a new tag
Caveats
  • Supply blocks, unpowered buildings, or Contaminate may cause inaccurate times.
  • Supply counts are checked every 10 seconds.